 Dungeon Crawl Stone Soup version 0.29-a0-234-g0dae59b3db (webtiles) character file.

Game seed: 128427527123104558

147 Anathary the Chopper (level 5, 0/42 HPs)
             Began as a Demonspawn Berserker on Mar 3, 2022.
             Was a Believer of Trog.
             Killed by divine providence
             ... invoked by an orc priest
              (12 damage)
             ... on level 2 of the Dungeon.
             The game lasted 00:07:12 (2629 turns).

Anathary the Chopper (Demonspawn Berserker)         Turns: 2629, Time: 00:07:12

Health: 0/42       AC: 11    Str: 19    XL:     5   Next: 8%
Magic:  5/5        EV:  6    Int:  8    God:    Trog [**....]
Gold:   99         SH:  0    Dex: 13    Spells: 4/4 levels left

rFire   . . .      SeeInvis .   a - +0 hand axe
rCold   . . .      Faith    .   (no shield)
rNeg    . . .      Spirit   .   m - +0 plate armour
rPois   .          Reflect  .   (helmet restricted)
rElec   .          Harm     .   (no cloak)
rCorr   .          Rampage  .   (no gloves)
Will    .....                   (no boots)
Stlth   ..........              (no amulet)
HPRegen 0.14/turn               (no ring)
MPRegen 0.09/turn               (no ring)

@: no status effects
A: horns 2
a: Renounce Religion, Berserk, Trog's Hand


You were on level 2 of the Dungeon.
You worshipped Trog.
Trog was pleased with you.
You visited 1 branch of the dungeon, and saw 3 of its levels.

You collected 99 gold pieces.

Inventory:

Hand Weapons
 a - a +0 hand axe (weapon)
Armour
 i - an orb of guile
 m - a +0 plate armour (worn)
Scrolls
 b - a scroll of brand weapon {unknown}
 e - a scroll of magic mapping {unknown}
 g - 2 scrolls of identify {unknown}
 h - a scroll of teleportation {unknown}
 j - a scroll of vulnerability {unknown}
 l - 2 scrolls of blinking {unknown}
 n - 3 scrolls of amnesia {unknown}
Potions
 c - 4 potions of heal wounds {unknown}
 d - a potion of curing {unknown}
 f - 2 potions of cancellation {unknown}
 k - a potion of degeneration {unknown}
 o - a potion of flight {unknown}


   Skills:
 + Level 3.8 Fighting
 + Level 4.1 Axes
 + Level 2.6 Armour
 + Level 2.1 Dodging


You had 4 spell levels left.
You didn't know any spells.
Your spell library was empty.

Dungeon Overview and Level Annotations

Branches:
Dungeon (3/15)

Altars:

Shops:
D:1 *

Annotations:
D:3 1 transporter, einarkeyser's ghost, amateur OpCj


Innate Abilities, Weirdness & Mutations

You have a pair of horns on your head.


Message History

The orc is heavily wounded.
The orc hits you but does no damage.
You hit the orc.
You kill the orc!
Trog accepts your kill.
You hit the orc priest.
You headbutt the orc priest, but do no damage.
The orc priest is lightly wounded.
The orc priest barely misses you.
The orc priest calls down the wrath of Beogh upon you.
Beogh smites you!
You barely miss the orc priest.
The orc priest is lightly wounded.
The orc priest hits you but does no damage.
You hit the orc priest.
The orc priest is moderately wounded.
The orc priest invokes the aid of Beogh against you.
Beogh smites you!
You slash the orc priest! Your headbutt misses the orc priest.
The orc priest is severely wounded.
The orc priest hits you with a +0 club.
The orc priest hits you but does no damage.
You climb upwards.
There is a stone staircase leading down here.
You hit the orc priest but do no damage.
Your headbutt misses the orc priest.
The orc priest is severely wounded.
The orc priest hits you but does no damage.
You hit the orc priest but do no damage.
The orc priest is severely wounded.
The orc priest hits you with a +0 club.
* * * LOW HITPOINT WARNING * * *
You hit the orc priest.
The orc priest is almost dead.
The orc priest hits you but does no damage.
You hit the orc priest but do no damage.
The orc priest is almost dead.
The orc priest invokes the aid of Beogh against you.
Beogh smites you!
You die...

....#.#.###.......##.............
..###.#.# #.##.##.##.##...#######
....#.#.###.#...#..#.##...#
.##.#.#.<....._.[..#†######
.##.#.#####.#...#..#.#
............##.##..#.#
###.#.#####........#.# ....#.#
###.#..#.#[# #### #####.#
#.#o@#)#.# #... # #.# #.#).#.#.#
#.## # #.# #.#..#)#.# ######.# #
#.# #.#..#.#.# #......# # #.#
#.#..#÷#.# #......# #.#
#.##.#.#.# #......# #.#
#....#.#.#########.# #.#
#.####.#....# #.## #.#
#......#....# #...


You could see an orc priest.

Vanquished Creatures
  2 orc priests
  3 adders (D:2)
  A worm (D:2)
  4 dart slugs
  6 orcs
  4 ball pythons (D:1)
  7 endoplasms
  A giant cockroach (D:1)
  2 goblins (D:1)
  5 hobgoblins (D:2)
  2 jackals (D:2)
  A quokka (D:1)
  2 bats
  4 frilled lizards
  A kobold (D:2)
  2 rats (D:1)
47 creatures vanquished.

Notes
Turn   | Place    | Note
-------+----------+-------------------------------------------
     0 | D:1      | Anathary the Demonspawn Berserker began the quest for the
                  | Orb.
     0 | D:1      | Reached XP level 1. HP: 18/18 MP: 1/1
   492 | D:1      | Reached skill level 3 in Axes
   492 | D:1      | Gained mutation: You have a pair of small horns on your
                  | head. [demonic ancestry]
   492 | D:1      | Reached XP level 2. HP: 24/24 MP: 2/2
   620 | D:1      | Found Kutygo's General Store.
  1178 | D:2      | Gained mutation: You have a pair of horns on your head.
                  | [demonic ancestry]
  1178 | D:2      | Reached XP level 3. HP: 18/29 MP: 3/3
  1728 | D:2      | Found a faded altar of an unknown god.
  1772 | D:2      | Reached ** piety under Trog
  1824 | D:2      | Reached XP level 4. HP: 11/37 MP: 0/4
  2562 | D:3      | Found a transporter.
  2568 | D:3      | Noticed einarkeyser's ghost (amateur OpCj)
  2570 | D:3      | Reached skill level 4 in Axes
  2570 | D:3      | Reached XP level 5. HP: 37/42 MP: 5/5
  2629 | D:2      | Killed from afar by an orc priest

Illustrated notes

Levels and vault maps discovered:
D:1:      lightli_arrival_lavapool, layout_loops_corners, serial_shops, shop
D:2:      layout_basic, ebering_ecumenical_altar_box
D:3:      lemuel_castle_with_subvaults [lemuel_castle_interior_original],
          layout_basic, xom_butterflies, gammafunk_ghost_stat_death,
          uniq_grinder

Skill      XL: |  1  2  3  4 |
---------------+-------------+-----
Axes           | 3 4 |  4.1
Armour         | 2 |  2.6
Dodging        | 2 |  2.1
Fighting       | |  3.8

Action                   |  1- 3 |  4- 6 || total
-------------------------+-------+-------++-------
Melee: Hand axe          |    97 |    55 ||   152
       Headbutt          |    11 |    11 ||    22
 Stab: Sleeping          |     1 |       ||     1
Armor: Animal skin       |    10 |       ||    10
       Chain mail        |    31 |       ||    31
       Plate armour      |     7 |    30 ||    37
Dodge: Dodged            |    54 |     9 ||    63

Table legend: (Time is in decaauts)
 A = Elapsed time spent in this place.
 B = Non-inter-level travel time spent in this place.
 C = Inter-level travel time spent in this place.
 D = Time resting spent in this place.
 E = Time spent auto-exploring this place.
 F = Levels seen in this place.
 G = Mean time per level.
                   A        B        C        D        E       F      G
               +--------+--------+--------+--------+--------+-----+--------+
         Total |   2650 |   2609 |     41 |    781 |    799 |   3 |  883.3 |
       Dungeon |   2650 |   2609 |     41 |    781 |    799 |   3 |  883.3 |
               +--------+--------+--------+--------+--------+-----+--------+

Top non-repeatable levels by time:
     D:2: 1447 daAuts
     D:1: 1173 daAuts
     D:3: 29 daAuts
